 Dungeon Crawl Stone Soup version 0.18.1-5-g4a78601 (webtiles) character file.

105 protoss039 the Skirmisher (level 5, -11/63 HPs)
             Began as a Human Berserker on May 12, 2016.
             Was a Believer of Trog.
             Mangled by an ogre
             ... wielding a +0 giant club
              (16 damage)
             ... on level 4 of the Dungeon.
             The game lasted 00:12:26 (2484 turns).

protoss039 the Skirmisher (Human Berserker)         Turns: 2484, Time: 00:12:27

Health: -11/63     AC:  8    Str: 22    XL:     5   Next: 9%
Magic:  5/5        EV: 11    Int:  8    God:    Trog [**....]
Gold:   127        SH:  5    Dex: 13    Spells: 0 memorised, 4 levels left

rFire  . . .     SeeInvis .     a - +1 mace
rCold  . . .     Gourm    .     f - +1 scale mail
rNeg   + . .     Faith    .     (no shield)
rPois  .         Spirit   .     (no helmet)
rElec  .         Dismiss  .     o - +0 cloak
rCorr  .         Reflect  +     (no gloves)
SustAt .         Harm     .     (no boots)
MR     ++...                    q - +5 amulet of reflection
Stlth  ..........               (no ring)
                                n - ring of positive energy

@: berserking (expiring), regenerating, very quick, very resistant to hostile
enchantments, extremely unstealthy
A: no striking features
a: Berserk, Trog's Hand, Burn Spellbooks, Renounce Religion


You were on level 4 of the Dungeon.
You worshipped Trog.
Trog was pleased with you.
You were not hungry.

You visited 1 branch of the dungeon, and saw 5 of its levels.

You collected 127 gold pieces.

Inventory:

Hand Weapons
 a - a +1 mace (weapon)
 s - a +2 trident of venom
Armour
 f - a +1 scale mail (worn)
 o - a +0 cloak (worn)
Jewellery
 n - a ring of positive energy (left hand)
 q - a +5 amulet of reflection (around neck)
Wands
 r - a wand of teleportation (6/9)
Scrolls
 d - a scroll of enchant armour
 e - 4 scrolls of recharging
 h - a scroll of identify
 j - a scroll of enchant weapon
Potions
 i - a potion of invisibility {unknown}
 k - 4 potions of curing
 l - a potion of might {unknown}
 m - a potion of flight {unknown}
Comestibles
 c - 5 bread rations
 g - a meat ration


   Skills:
 + Level 3.8 Fighting
 + Level 3.3 Maces & Flails
 + Level 2.9 Armour
 + Level 3.2 Dodging
 + Level 0.4 Stealth


You had 4 spell levels left.
You didn't know any spells.

Dungeon Overview and Level Annotations

Branches:
Dungeon (5/15)
 Temple: D:4-7

Altars:
Fedhas
Qazlal
Sif Muna

Annotations:
D:4 exclusion: oklob plant


Message History

Your scale mail prevents you from hitting the crimson imp.
The crimson imp misses you. The crimson imp closely misses you.
The ogre hits you with a giant club!
* * * LOW HITPOINT WARNING * * *
You climb upwards.
Level annotation: exclusion: oklob plant You feel a strong urge to attack something.
There is a stone staircase leading down here.
Things that are here:
a +0 chain mail; a +0 animal skin You are too berserk!
You are too berserk!
You are too berserk!
You hit the crimson imp.
The crimson imp is moderately wounded.
You closely miss the crimson imp.
The crimson imp is moderately wounded.
The crimson imp shouts, "Decamp, thou pecksniffian boil-brained bandersnitch!"
The crimson imp blinks!
The ogre hits you with a giant club!
You die...

.# #.# #.# .###### #.# #.#
......# #.# #.# ......# #.# #.#
......# #.# #.# ......# #.# #.#
......# #.# #.#
......##########O#############.#
................@ยง.............#
......#######....################
......# #....# #..... ......#
#....# #.#### ......# #....# #.#
###.### #.5..###########.# .....#
#................# .....#
#....############# .....# #....#


You could see an ogre and a crimson imp.

Vanquished Creatures
  A centaur skeleton (D:4)
  A gnoll (D:4)
  2 adders
  An ooze (D:4)
  A worm (D:2)
  A dart slug (D:1)
  3 giant geckos
  An orc (D:4)
  4 bats
  2 giant cockroaches
  4 goblins
  3 hobgoblins
  2 quokkas
  3 giant newts
  A jackal skeleton (D:4)
  3 kobolds (D:1)
  2 rats
  A plant (D:4)
36 creatures vanquished.

Vanquished Creatures (others)
  16 toadstools (D:4)
16 creatures vanquished.

Grand Total: 52 creatures vanquished

Notes
Turn   | Place    | Note
--------------------------------------------------------------
     0 | D:1      | protoss039 the Human Berserker began the quest for the Orb.
     0 | D:1      | Reached XP level 1. HP: 18/18 MP: 1/1
    26 | D:1      | Reached XP level 2. HP: 7/24 MP: 2/2
   632 | D:2      | Reached XP level 3. HP: 27/29 MP: 3/3
  1045 | D:2      | Found a deep blue altar of Sif Muna.
  1149 | D:2      | Found a stormy altar of Qazlal.
  1305 | D:2      | Reached ** piety under Trog
  1487 | D:3      | You fall through a shaft!
  1515 | D:4      | Reached XP level 4. HP: 37/37 MP: 4/4
  1738 | D:4      | Found a blossoming altar of Fedhas.
  1750 | D:4      | Noticed an oklob plant
  2458 | D:5      | Entered Level 5 of the Dungeon
  2461 | D:5      | Noticed a centaur
  2463 | D:5      | Noticed an ogre
  2470 | D:4      | Reached XP level 5. HP: 42/42 MP: 5/5
  2481 | D:5      | HP: 2/63 [ogre/giant club (12)]
  2484 | D:4      | Mangled by an ogre

Skill      XL: |  1  2  3  4 |
---------------+-------------+-----
Dodging        | 3 |  3.2
Fighting       | |  3.8
Maces & Flails | |  3.3
Armour         | |  2.9
Stealth        | |  0.4

Action                   |  1- 3 |  4- 6 || total
-------------------------+-------+-------++-------
Melee: Mace              |    96 |    82 ||   178
Invok: Berserk           |       |     1 ||     1
       Trog's Hand       |       |     1 ||     1
  Use: Scroll            |     7 |     2 ||     9
  Eat: Chunk             |     2 |     1 ||     3
       Bread ration      |       |     1 ||     1
Armor: Animal skin       |     3 |       ||     3
       Scale mail        |    35 |    19 ||    54
Dodge: Dodged            |    91 |    31 ||   122
Block: Other             |       |     7 ||     7
